 Dungeon Crawl Stone Soup version 0.29-a0-275-g389c0b56f3 (webtiles) character file.

Game seed: 3271305846046528840

37 sammy202020 the Shield-Bearer (level 3, -3/33 HPs)
             Began as a Minotaur Fighter on Mar 13, 2022.
             Slain by a gnoll
             ... wielding a +0 flail
              (6 damage)
             ... on level 2 of the Dungeon.
             The game lasted 00:01:02 (1194 turns).

sammy202020 the Shield-Bearer (Minotaur Fighter)    Turns: 1194, Time: 00:01:04

Health: -3/33      AC:  7    Str: 20    XL:     3   Next: 21%
Magic:  2/2        EV:  9    Int:  7    God:
Gold:   41         SH:  4    Dex:  9    Spells: 2/2 levels left

rFire   . . .      SeeInvis .   a - +0 war axe
rCold   . . .      Faith    .   c - +0 buckler
rNeg    . . .      Spirit   .   b - +0 scale mail
rPois   .          Reflect  .   (helmet restricted)
rElec   .          Harm     .   (no cloak)
rCorr   .          Rampage  .   (no gloves)
Will    .....                   (no boots)
Stlth   ..........              (no amulet)
HPRegen 0.11/turn               (no ring)
MPRegen 0.08/turn               (no ring)

@: no status effects
A: horns 2, retaliatory headbutt
a: no special abilities


You were on level 2 of the Dungeon.
You visited 1 branch of the dungeon, and saw 2 of its levels.

You collected 41 gold pieces.

Inventory:

Hand Weapons
 a - a +0 war axe (weapon)
Armour
 b - a +0 scale mail (worn)
 c - a +0 buckler (worn)
Scrolls
 e - 2 scrolls of identify {unknown}
 f - a scroll of teleportation {unknown}
 g - a scroll of holy word {unknown}
 i - a scroll of blinking {unknown}
Potions
 d - a potion of might
 h - a potion of attraction {unknown}


   Skills:
 * Level 4.0 Fighting
 * Level 3.0 Axes
 * Level 4.0 Armour
 + Level 0.5 Dodging
 * Level 4.1 Shields


You had 2 spell levels left.
You didn't know any spells.
Your spell library contained the following spells:

 Spells                   Type           Power      Damage    Failure   Level
 Confusing Touch          Hex            0%         N/A       99%         3
 Yara's Violent Unravell  Hex/Tmut       0%         3d3       100%        5
 Enfeeble                 Hex            0%         N/A       100%        7


Dungeon Overview and Level Annotations

Branches:
Dungeon (2/15)

Altars:


Innate Abilities, Weirdness & Mutations

You have a pair of horns on your head.
You reflexively headbutt those who attack you in melee.


Message History

You are held in a net!
You are held in a net!
You are held in a net!
You are held in a net!
You are held in a net!
You are held in a net!
You are held in a net!
You are held in a net!
You are held in a net!
Unknown command.
You struggle against the net.
A kobold comes into view. It is wielding a +0 short sword.
You struggle against the net.
The kobold shouts!
The gnoll hits you but does no damage. The gnoll hits you with a +0 club.
A rat comes into view.
You rip the net and break free!
A kobold comes into view. It is wielding a +1 whip of freezing.
The gnoll hits you with a +0 club. The gnoll hits you but does no damage.
You closely miss the gnoll. Your headbutt misses the gnoll. You hit the quokka.
You closely miss the gnoll. The quokka closely misses you.
You furiously retaliate!
You headbutt the quokka!
You kill the quokka!
The gnoll hits you with a +0 club. The gnoll hits you with a +0 spear.
Your Armour skill increases to level 4!
You slash the gnoll! Your headbutt misses the gnoll.
The gnoll is almost dead.
You barely miss the gnoll. The gnoll hits you with a +0 spear.
You block the gnoll's attack.
You hit the gnoll but do no damage. Your headbutt misses the gnoll.
The gnoll is almost dead.
You slash the gnoll! The gnoll hits you with a +0 club.
You block the gnoll's attack. The gnoll hits you but does no damage.
You barely miss the gnoll.
The gnoll is almost dead.
You completely miss the rat. You hit the gnoll but do no damage.
The rat bites you but does no damage. The gnoll hits you with a +0 spear!
* * * LOW HITPOINT WARNING * * *
The gnoll hits you with a +0 flail.
You die... .# #. ... .. #.# #. ..... #.#. .Kg

######.
.#.#K#g#.......
......g@######
.#.#.#r#.<...+
.......######
#.#.#.# ####


You could see 3 gnolls, 2 kobolds and a rat.

Vanquished Creatures
  2 dart slugs (D:1)
  2 bats (D:1)
  4 endoplasms (D:1)
  2 giant cockroaches (D:1)
  5 goblins (D:1)
  A hobgoblin (D:1)
  2 quokkas
  4 ball pythons (D:1)
  A frilled lizard (D:1)
  4 kobolds (D:1)
  2 rats (D:1)
29 creatures vanquished.

Notes
Turn   | Place    | Note
-------+----------+-------------------------------------------
     0 | D:1      | sammy202020 the Minotaur Fighter began the quest for the
                  | Orb.
     0 | D:1      | Reached XP level 1. HP: 19/19 MP: 0/0
   321 | D:1      | Reached XP level 2. HP: 27/27 MP: 1/1
   690 | D:1      | Reached XP level 3. HP: 33/33 MP: 2/2
   769 | D:1      | Found a faded altar of an unknown god.
  1194 | D:2      | Slain by a gnoll

Illustrated notes

Levels and vault maps discovered:
D:1:      dpeg_arrival_water_temple_mockup, layout_basic,
          ebering_ecumenical_altar_webs, st_stairs_9
D:2:      layout_basic, st_stairs_10, minmay_misc_feat_more_columns,
          minmay_tiny_reverse_x

Skill      XL: |  1  2  3 |
---------------+----------+-----
Shields        | 4 |  4.1
Axes           | 3 |  3.0
Fighting       | 4 |  4.0
Armour         | 4 |  4.0
Dodging        | |  0.5

Action                   || total
-------------------------++-------
Melee: War axe           ||    71
       Headbutt          ||     5
Armor: Scale mail        ||    29
Dodge: Dodged            ||    26
Block: Buckler           ||    17

Table legend: (Time is in decaauts)
 A = Elapsed time spent in this place.
 B = Non-inter-level travel time spent in this place.
 C = Inter-level travel time spent in this place.
 D = Time resting spent in this place.
 E = Time spent auto-exploring this place.
 F = Levels seen in this place.
 G = Mean time per level.
                   A        B        C        D        E       F      G
               +--------+--------+--------+--------+--------+-----+--------+
         Total |   1222 |   1193 |     29 |      0 |    980 |   2 |  611.0 |
       Dungeon |   1222 |   1193 |     29 |      0 |    980 |   2 |  611.0 |
               +--------+--------+--------+--------+--------+-----+--------+

Top non-repeatable levels by time:
     D:1: 1212 daAuts
     D:2: 9 daAuts
